 Dungeon Crawl Stone Soup version 0.29.1 (webtiles) character file.

Game seed: 10296324757009234582

618 qw the Chopper (level 7, -1/43 HPs)
             Began as a Gargoyle Fighter on Sept 13, 2022.
             Was a Follower of Okawaru.
             Slain by a gnoll
             ... wielding a +0 halberd
              (9 damage)
             ... on level 5 of the Dungeon.
             The game lasted 00:01:15 (3999 turns).

qw the Chopper (Gargoyle Fighter)                   Turns: 3999, Time: 00:01:16

Health: -1/43      AC: 21    Str: 21    XL:     7   Next: 45%
Magic:  4/7        EV:  7    Int:  9    God:    Okawaru [*.....]
Gold:   173        SH:  5    Dex:  9    Spells: 6/6 levels left

rFire   . . .      SeeInvis .   Y - +0 war axe
rCold   . . .      Faith    .   c - +0 buckler
rNeg    + . .      Spirit   .   l - +0 plate armour
rPois   inf        Reflect  .   (no helmet)
rElec   +          Harm     .   n - +0 cloak
rCorr   .          Rampage  .   m - +0 pair of gloves
Will    .....                   (no boots)
Stlth   ..........              (no amulet)
HPRegen 0.14/turn               (no ring)
MPRegen 0.10/turn               (no ring)

@: about to teleport, heroic
A: sickness immunity, AC +4, negative energy resistance 1, electricity
resistance, torment resistance 1, petrification resistance
a: Renounce Religion, Heroism


You were on level 5 of the Dungeon.
You worshipped Okawaru.
Okawaru was aware of your devotion.
You visited 2 branches of the dungeon, and saw 6 of its levels.

You collected 173 gold pieces.


Innate Abilities, Weirdness & Mutations

You are immune to sickness and miasma.
Your stone body is resilient. (AC +4)
You are immune to poison.
You resist negative energy. (rN+)
You are resistant to electric shocks. (rElec)
You are resistant to unholy torment.
You are immune to petrification.


   Skills:
 - Level 4.0(9.0) Fighting
 - Level 6.2(11.2) Axes
 - Level 2.2(7.2) Throwing
 + Level 3.7(8.7) Armour
 - Level 1.1(6.1) Dodging
 - Level 3.2(8.2) Shields
 + Level 0.0 Invocations


You had 6 spell levels left.
You didn't know any spells.
Your spell library was empty.

Inventory:

Hand Weapons
 o - a +0 flail
 Y - a +0 war axe (weapon)
Missiles
 i - 3 silver javelins (quivered)
Armour
 a - a +0 pair of boots
 c - a +0 buckler (worn)
 k - a +0 helmet
 l - a +0 plate armour (worn)
 m - a +0 pair of gloves (worn)
 n - a +0 cloak (worn)
Scrolls
 b - a scroll of fog {unknown}
 f - 2 scrolls of teleportation
 h - a scroll of identify
Potions
 d - a potion of might
 e - a potion of resistance
 g - a potion of lignification
 j - a potion of berserk rage {unknown}
 p - a potion of heal wounds {unknown}
 q - a potion of magic {unknown}

Dungeon Overview and Level Annotations

Branches:
Dungeon (5/15)             Temple (1/1) D:4

Altars:
Ashenzari
Cheibriados
Dithmenos
Elyvilon
Fedhas
Gozag
Hepliaklqana
Kikubaaqudgha
Makhleb
Okawaru
Qazlal
Ru
Uskayaw
Vehumet
Xom
Zin
The Shining One

Shops:
D:4 [


Message History

The gnoll hits you but does no damage.
You barely miss the gnoll.
The gnoll is lightly wounded.
The gnoll barely misses you. You block the gnoll's attack.
You hit the gnoll but do no damage.
The gnoll is lightly wounded.
The gnoll hits you but does no damage. You block the gnoll's attack.
You barely miss the gnoll.
The gnoll is lightly wounded.
The gnoll hits you but does no damage. x2
You slash the gnoll!
You kill the gnoll!
Okawaru accepts your kill. The gnoll hits you but does no damage.
The hound barely misses you.
You closely miss the hound. The hound bites you but does no damage.
The gnoll hits you from afar with a +0 halberd.
You block the gnoll's attack.
You slash the hound!
The hound is heavily wounded.
The hound closely misses you. The hound bites you but does no damage.
The gnoll closely misses you. You block the gnoll's attack.
You slash the hound!
You kill the hound!
Okawaru accepts your kill.
You can now gain great but temporary skills.
You block the gnoll's attack. x2
The gnoll completely misses you. The gnoll hits you with a +0 spear.
You see here a +0 halberd.
3997 ||| READING 3 scrolls of teleportation.
As you read the scroll of teleportation, it crumbles to dust.
You feel strangely unstable.
You feel like a meek peon again. The gnoll hits you but does no damage.
The gnoll barely misses you.
3998 ||| INVOKING Heroism.
You gain the combat prowess of a mighty hero.
The gnoll hits you but does no damage. The gnoll hits you with a +0 spear.
You barely miss the gnoll. You completely miss the gnoll.
The gnoll hits you with a +0 halberd!
You die...

#. #. #. ### #.# ..# #.#
#.# #.#########.#
###.##......#.####
...>.............+
.....#........##@#
.....#......####ggs.....
.....#......# #w.......
............# #........
######## ..............
#........ ........
.............. #........
.......< #.....##+##...
#........ ........
#.....# #+#+#####
........ ......#
........


You could see a worm, a scorpion and 2 gnolls.

Vanquished Creatures
  A water moccasin (D:5)
  An ogre (D:4)
  A bullfrog (D:5)
  3 hounds (D:5)
  A gnoll bouda (D:4)
  Jessica (D:2)
  An iguana (D:4)
  2 orc wizards (D:4)
  5 adders
  A gnoll (D:5)
  A white imp (D:5)
  5 dart slugs
  4 orcs
  5 endoplasms
  2 giant cockroaches
  10 goblins
  11 hobgoblins
  5 quokkas
  8 ball pythons
  2 bats (D:1)
  2 frilled lizards (D:3)
  3 kobolds
  7 rats
  A butterfly (D:4)
83 creatures vanquished.

Notes
Turn   | Place    | Note
-------+----------+-------------------------------------------
     0 | D:1      | qw the Gargoyle Fighter began the quest for the Orb.
     0 | D:1      | Reached XP level 1. HP: 14/14 MP: 1/1
     0 | D:1      | 0 ||| qw: Version: 0.1-a-119-g272c26d
     0 | D:1      | 0 ||| qw: Game counter: 11144
     0 | D:1      | 0 ||| qw: Always use a shield: true
     0 | D:1      | 0 ||| qw: God list: Okawaru
     0 | D:1      | 0 ||| qw: Allow faded altars: false
     0 | D:1      | 0 ||| qw: Do Orc after D:15 true
     0 | D:1      | 0 ||| qw: Do second Lair branch before Depths: true
     0 | D:1      | 0 ||| qw: Lair rune preference: random
     0 | D:1      | 0 ||| qw: Plans: Normal, Zot, God:TSO, Crypt, Tomb, Pan,
                  | Slime, Hells, Zig, Abyss, Orb
     0 | D:1      | 0 ||| PLANNING D:1-11
   179 | D:1      | Reached skill level 2 in Axes
   434 | D:1      | Reached XP level 2. HP: 19/19 MP: 2/2
   502 | D:1      | 502 ||| DROPPING +0 club.
   593 | D:1      | 593 ||| Stepping ~*~*~tactically~*~*~ (hiding).
   754 | D:1      | 754 ||| Stepping ~*~*~tactically~*~*~ (stealth).
   755 | D:1      | 755 ||| Stepping ~*~*~tactically~*~*~ (stealth).
   756 | D:1      | 756 ||| Stepping ~*~*~tactically~*~*~ (stealth).
   757 | D:1      | 757 ||| Stepping ~*~*~tactically~*~*~ (stealth).
   778 | D:1      | Reached skill level 3 in Axes
   894 | D:1      | Reached XP level 3. HP: 17/23 MP: 3/3
  1261 | D:1      | 1261 ||| READING scroll labelled WIUVONE YBRIUV.
  1264 | D:1      | 1264 ||| READING scroll labelled DIVVAD DIUMIE.
  1381 | D:2      | Identified the +6 whip of the Grinning Augurer {vorpal,
                  | rPois rN+}
  1383 | D:2      | 1383 ||| DROPPING +0 whip.
  1705 | D:2      | Noticed Jessica
  1713 | D:2      | Killed Jessica
  1714 | D:2      | Reached skill level 1 in Throwing
  1714 | D:2      | Reached XP level 4. HP: 20/28 MP: 4/4
  1797 | D:2      | Found a faded altar of an unknown god.
  2024 | D:2      | 2024 ||| UPGRADING to +0 pair of gloves.
  2029 | D:2      | 2029 ||| READING scroll labelled TUUTUE ACSIGAO.
  2030 | D:2      | 2030 ||| READING scroll labelled ANGOOTHROOMOE.
  2031 | D:2      | 2031 ||| READING scroll labelled ROMO TYJEURR.
  2032 | D:2      | 2032 ||| READING scroll labelled KURUWN AMAAN.
  2033 | D:2      | 2033 ||| READING scroll labelled LOMICHU MUTUIR.
  2327 | D:3      | 2327 ||| Stepping ~*~*~tactically~*~*~ (hiding).
  2453 | D:3      | 2453 ||| Stepping ~*~*~tactically~*~*~ (stealth).
  2550 | D:3      | 2550 ||| READING 2 scrolls labelled HOAPIN JOPIFO.
  2551 | D:3      | 2551 ||| DRINKING 2 amethyst potions.
  2579 | D:4      | 2579 ||| STAIRDANCE
  2587 | D:4      | 2587 ||| STAIRDANCE
  2596 | D:4      | Found a staircase to the Ecumenical Temple.
  2597 | D:4      | 2597 ||| PLANNING TEMPLE
  2605 | Temple   | Entered the Ecumenical Temple
  2639 | Temple   | 2639 ||| PLANNING D:1-11
  2653 | Temple   | Became a worshipper of Warmaster Okawaru
  2693 | D:4      | Reached skill level 4 in Axes
  2693 | D:4      | Reached XP level 5. HP: 32/32 MP: 5/5
  2809 | D:4      | Noticed an ogre
  2814 | D:4      | Killed an ogre
  2865 | D:4      | Reached skill level 5 in Axes
  2957 | D:4      | Found a glowing golden altar of the Shining One.
  2968 | D:4      | 2968 ||| Stepping ~*~*~tactically~*~*~ (hiding).
  2976 | D:4      | Reached XP level 6. HP: 36/38 MP: 6/6
  3058 | D:4      | 3058 ||| DROPPING +6 whip of the Grinning Augurer {vorpal,
                  | rPois rN+}.
  3387 | D:4      | Found Saqa's Antique Armour Shop.
  3395 | D:4      | 3395 ||| SHOPLISTING shiny plate armour (442 gold, have
                  | 122).
  3461 | D:4      | Reached skill level 1 in Dodging
  3729 | D:4      | Found a white marble altar of Elyvilon.
  3775 | D:4      | 3775 ||| UPGRADING to +0 plate armour.
  3785 | D:4      | 3785 ||| DROPPING +0 scale mail.
  3786 | D:4      | 3786 ||| UPGRADING to +0 cloak.
  3791 | D:4      | 3791 ||| READING scroll labelled CIREBLY FUIJIDD.
  3792 | D:4      | 3792 ||| READING 3 scrolls of identify.
  3792 | D:4      | 3792 ||| IDENTIFYING fuming purple potion
  3793 | D:4      | 3793 ||| READING 2 scrolls of identify.
  3793 | D:4      | 3793 ||| IDENTIFYING clear potion
  3794 | D:4      | 3794 ||| DROPPING potion of degeneration.
  3799 | D:5      | Entered Level 5 of the Dungeon
  3891 | D:5      | Noticed a water moccasin
  3893 | D:5      | 3893 ||| Stepping ~*~*~tactically~*~*~ (hiding).
  3896 | D:5      | Killed a water moccasin
  3897 | D:5      | Reached XP level 7. HP: 43/43 MP: 7/7
  3899 | D:5      | Reached skill level 6 in Axes
  3911 | D:5      | Reached * piety under Okawaru
  3980 | D:5      | 3980 ||| Stepping ~*~*~tactically~*~*~ (hiding).
  3986 | D:5      | 3986 ||| INVOKING Heroism.
  3987 | D:5      | 3987 ||| INVOKING Heroism.
  3996 | D:5      | HP: 8/43 [gnoll/+0 spear (3)]
  3997 | D:5      | 3997 ||| READING 3 scrolls of teleportation.
  3998 | D:5      | 3998 ||| INVOKING Heroism.
  3999 | D:5      | Slain by a gnoll

Levels and vault maps discovered:
D:1:      dpeg_cavernosity, layout_loops_ring
D:2:      layout_rooms, ebering_ecumenical_altar_ruins, serial_corexii_hall,
          chequers_hall_statues_y, corexii_hall_statues_x,
          corexii_hall_statues_x, chequers_hall_statues_corner_a, uniq_jessica
D:3:      layout_rooms, grunt_ministairs_12
D:4:      minmay_skewed_foursquare, layout_loops_ring, marbit_many_paths,
          kennysheep_mini, minmay_temple_entry_butterflies, serial_shops,
          nicolae_lakefront_shop, grunt_decor_resistance,
          kennysheep_pointless_box
D:5:      layout_basic, mainiacjoe_overflow_chevrons, grunt_ministairs_10,
          minmay_misc_feat_square
Temple:   hellmonk_temple_of_storms

Skill      XL: |  1  2  3  4  5  6  7 |
---------------+----------------------+-----
Axes           | 2 3 4 5 6 |  6.2
Throwing       | 1 2 |  2.2
Fighting       | 4 |  4.0
Dodging        | 1 |  1.1
Armour         | |  3.7
Shields        | |  3.2

Action                   |  1- 3 |  4- 6 |  7- 9 || total
-------------------------+-------+-------+-------++-------
Melee: War axe           |   107 |   105 |    17 ||   229
Throw: Javelin           |     4 |    40 |     1 ||    45
Invok: Heroism           |       |       |     2 ||     2
  Use: Scroll            |     2 |     9 |     1 ||    12
       Potion            |       |     1 |       ||     1
Armor: Scale mail        |    48 |    59 |       ||   107
       Plate armour      |       |     5 |    15 ||    20
Dodge: Dodged            |    46 |    45 |     9 ||   100
Block: Buckler           |    26 |    18 |     9 ||    53

Table legend:
 A = Non-vault XP
 B = Vault XP
 C = Vault XP percentage of total XP
 D = Non-vault monster count
 E = Vault monster count
 F = Vault count percentage of total count
                 A         B        C        D         E       F
            +---------+---------+-------+---------+---------+-------
      Total |     600 |     283 |  32.0 |      70 |      12 |  14.6
            +---------+---------+-------+---------+---------+-------
        D:1 |      42 |       8 |  16.0 |      23 |       4 |  14.8
        D:2 |      25 |      37 |  59.7 |       9 |       1 |  10.0
        D:3 |      44 |       3 |   6.4 |      17 |       2 |  10.5
        D:4 |     258 |      80 |  23.7 |      16 |       3 |  15.8
        D:5 |     231 |     155 |  40.2 |       5 |       2 |  28.6
            +---------+---------+-------+---------+---------+-------
